 Dungeon Crawl Stone Soup version 0.22-a0-283-g1871b15 (webtiles) character file.

64 Gorglomux the Sneak (level 3, -1/17 HPs)
             Began as a Felid Fighter on Mar 18, 2018.
             Slain by Gorglomux's ghost (10 damage)
             ... on level 3 of the Dungeon.
             The game lasted 00:01:45 (2198 turns).

Gorglomux the Sneak (Felid Fighter)                 Turns: 2198, Time: 00:01:46

Health: -1/17      AC:  1    Str: 16    XL:     3   Next: 91%
Magic:  4/4        EV: 19    Int:  9    God:
Gold:   102        SH:  2    Dex: 15    Spells: 2/2 levels left
                                        Lives:  0   Deaths: 1

rFire    . . .     SeeInvis +     - Unarmed
rCold    . . .     Gourm    .   (shield unavailable)
rNeg     + . .     Faith    .   (armour unavailable)
rPois    .         Spirit   .   (helmet unavailable)
rElec    .         Reflect  +   (cloak unavailable)
rCorr    .         Harm     .   (gloves unavailable)
MR       .....                  (boots unavailable)
Stlth    ++++......             n - +2 amulet of reflection
HPRegen  0.05/turn              m - +3 ring of strength
MPRegen  0.09/turn              h - ring of positive energy

@: quick
A: very small, no armour, no weapons or thrown items, stealth, claws 1, fangs 3,
see invisible, carnivore, speed 1, shaggy fur 1, slow metabolism 1, sharp paws
a: no special abilities


You were on level 3 of the Dungeon.
You were completely stuffed.

You visited 1 branch of the dungeon, and saw 3 of its levels.

You collected 102 gold pieces.

Inventory:

Jewellery
 h - a ring of positive energy (right paw)
 m - a +3 ring of strength (left paw)
 n - a +2 amulet of reflection (around neck)
 q - an uncursed ring of wizardry {unknown}
Scrolls
 d - a scroll of amnesia {unknown}
 f - 2 scrolls of remove curse
 l - 3 scrolls of identify {unknown}
Potions
 a - a potion of might
 c - a potion of lignification {unknown}
 e - a potion of berserk rage {unknown}
 i - 3 potions of haste {unknown}
 j - a potion of brilliance {unknown}
 o - 2 potions of heal wounds {unknown}
 r - 2 potions of agility {unknown}
 t - a potion of flight {unknown}
Comestibles
 b - a ration
 s - a chunk of flesh


   Skills:
 - Level 3.0 Fighting
 - Level 4.0 Dodging
 + Level 6.4 Stealth
 - Level 4.0 Unarmed Combat


You had 2 spell levels left.
You didn't know any spells.

Dungeon Overview and Level Annotations

Branches:
Dungeon (3/15)

Altars:
Nemelex Xobeh

Annotations:
D:3 Gorglomux's ghost, amateur FeFi; Jessica


Innate Abilities, Weirdness & Mutations

You cannot wear armour.
You are incapable of wielding weapons or throwing items.
Your paws allow you to move quietly. (Stealth)
You have sharp claws.
You have razor-sharp teeth.
You have supernaturally acute eyesight. (SInv)
You are carnivorous and can eat meat at any time.
You cover ground quickly.
You are covered in fur. (AC +1)
You have a slow metabolism.
Your sharp claws are effective at attacking unaware monsters.


Message History

Butt command!
You eviscerate Gorglomux's ghost!!!
Gorglomux'butts ghost is moderately damaged!
Gorglomux's ghost closely misses you!
You butts Gorglomux's ghost!
Gorglomux's ghost butts moderately damaged!
Gorglomux's ghost misses you!
A leopard gecko comes into view!
The leopard gecko hisses angrily!
You eviscerate Gorglomux's ghost!!!
Gorglomux's ghost is severely damaged!
Gorglomux's butt hits you!!!
You eviscerate Butt's ghost!
Gorglomux's ghost is severely damaged!
Gorglomux's ghost closely misses you!
You completely butts Gorglomux's ghost! You bite Gorglomux's ghost!
Gorglomux's ghost is almost destroyed!
Gorglomux's ghost hits you!!!
DANG rip

##.........###..#
.'.......).# #..#
###......)..# #..#
......#....####.## #
#.###.........#..#
#.#####....##.#..#####
##+#..[.......+.........#
......###.#...##.#...##.#
......+.......l.@..#..#.#
......###.####..W.....#.#
......+...#..'..........#
##....##..#.##..........#
(......#..#.............#
######.#..###.#'##'##...#
# #.#..# #.#.##.##.#># #
#[...# #.#.##.##.###
#...## #.#.##.##.#


You could see Gorglomux's ghost and a leopard gecko.

Vanquished Creatures
  3 gnolls (D:2)
  3 adders
  An ooze (D:2)
  A worm (D:2)
  2 dart slugs
  3 leopard geckos
  2 orcs (D:3)
  8 bats
  A giant cockroach (D:2)
  3 goblins
  4 hobgoblins
  2 jackals (D:2)
  3 frilled lizards
  5 kobolds
  A quokka skeleton (D:2)
  4 rats
46 creatures vanquished.

Notes
Turn   | Place    | Note
-------+----------+-------------------------------------------
     0 | D:1      | Gorglomux the Felid Fighter began the quest for the Orb.
     0 | D:1      | Reached XP level 1. HP: 10/10 MP: 2/2
   152 | D:1      | Reached skill level 1 in Stealth
   205 | D:1      | Reached skill level 2 in Stealth
   260 | D:1      | Reached XP level 2. HP: 14/14 MP: 3/3
   357 | D:1      | Reached skill level 3 in Stealth
   366 | D:1      | You fall through a shaft!
   448 | D:2      | Reached skill level 4 in Stealth
   448 | D:2      | Reached XP level 3. HP: 13/17 MP: 4/4
   727 | D:2      | Found a sparkling altar of Nemelex Xobeh.
  1552 | D:2      | Reached skill level 5 in Stealth
  1708 | D:2      | Reached XP level 4. HP: 21/21 MP: 5/5
  1886 | D:2      | Reached skill level 6 in Stealth
  1915 | D:3      | Noticed Jessica
  1925 | D:3      | HP: 1/21 [adder (2)]
  1926 | D:3      | Succumbed to an adder's poison
  1927 | D:3      | Reached XP level 3. HP: 0/17 MP: 4/4
  2111 | D:3      | Noticed Gorglomux's ghost (amateur FeFi)
  2198 | D:3      | Slain by Gorglomux's ghost

Vault maps used:
D:1:      lemuel_arrival_rhombus, minmay_cut_off
D:2:      old_standard_altar
D:3:      first_ration, uniq_jessica

Skill      XL: |  1  2  3  4 |
---------------+-------------+-----
Stealth        | 2 4 5 6 |  6.4
Fighting       | |  3.0
Dodging        | |  4.0
Unarmed Combat | |  4.0

Action                   |  1- 3 |  4- 6 || total
-------------------------+-------+-------++-------
Melee: Unarmed           |    98 |    16 ||   114
       Bite              |    14 |     2 ||    16
       Punch             |     2 |       ||     2
  Use: Scroll            |     1 |       ||     1
 Stab: Sleeping          |     8 |     3 ||    11
  Eat: Chunk             |    15 |       ||    15
Armor: Skin              |     1 |       ||     1
Dodge: Dodged            |    82 |    12 ||    94

Table legend:
 A = Spawn XP
 B = Non-spawn XP
 C = Spawn XP percentage of total XP
 D = Spawn monster count
 E = Non-spawn monster count
 F = Spawn count percentage of total count
 G = Total turns spent on level
                    A         B        C        D         E        F      G
               +---------+---------+-------+---------+---------+-------+---------
         Total |       0 |     166 |   0.0 |       0 |      46 |   0.0 |  2198
               +---------+---------+-------+---------+---------+-------+---------
           D:1 |       0 |      25 |   0.0 |       0 |      14 |   0.0 |   832
           D:2 |       0 |     110 |   0.0 |       0 |      23 |   0.0 |  1139
           D:3 |       0 |      31 |   0.0 |       0 |       9 |   0.0 |   227
               +---------+---------+-------+---------+---------+-------+---------
